 Dungeon Crawl Stone Soup version 0.30-a0-808-g6e0788376e (webtiles) character file.

Game seed: 5788254401804764577

27688 F1ng0rz the Fighter (level 13, 0/74 HPs)
             Began as a Vine Stalker Fighter on Feb 26, 2023.
             Was a High Priest of Uskayaw.
             Slain by a meliai
             ... wielding a +0 hand axe
              (1 damage)
             ... on level 4 of the Lair of Beasts.
             The game lasted 00:40:06 (13756 turns).

F1ng0rz the Fighter (Vine Stalker Fighter)         Turns: 13756, Time: 00:40:07

Health: 0/74       AC: 17    Str: 22    XL:     13   Next: 34%
Magic:  0/23       EV:  9    Int: 11    God:    Uskayaw [*****.]
Gold:   1141       SH:  9    Dex: 16    Spells: 12/12 levels left

rFire   . . .      SeeInvis +    e - +2 dagger (venom)
rCold   . . .      Faith    +    g - +3 buckler of the Hills {rN+ Will+ Regen+}
rNeg    + + .      Spirit   +    N - +0 plate armour {rN+}
rPois   .          Reflect  .    Q - +2 hat {Int+3}
rElec   .          Harm     .    (no cloak)
rCorr   .          Rampage  .    i - +0 pair of gloves
Will    ++...                    I - +0 pair of boots Stlth
                                 h - amulet of faith
HPRegen 1.92/turn                s - ring of magical power
MPRegen 0.18/turn                L - ring of see invisible

@: lethally poisoned (0 -> 0), marked
A: fangs 3, regeneration 1, magic shield, antimagic bite, no potion heal 2
a: Renounce Religion, Stomp, Line Pass, Grand Finale


You were on level 4 of the Lair of Beasts.
You worshipped Uskayaw.
Uskayaw was noncommittal.
You visited 3 branches of the dungeon, and saw 16 of its levels.
You also visited: Ossuary and Ice Cave.

You collected 1141 gold pieces.

Inventory:

Hand Weapons
 e - a +2 dagger of venom (weapon)
 A - the +5 scythe "Finisher" {speed, eviscerate}
   (You found it on level 3 of the Dungeon)
Armour
 g - the +3 buckler of the Hills (worn) {rN+ Will+ Regen+}
   (You acquired it on level 8 of the Dungeon)

   rN:        It protects you from negative energy.
   Regen:     It increases your rate of health regeneration.
   Will:      It increases your willpower.
 i - a +0 pair of gloves (worn)
 I - a +0 pair of boots (worn)
 N - a +0 plate armour of positive energy (worn)
 Q - a +2 hat of intelligence (worn)
Jewellery
 h - an amulet of faith (around neck)
 p - an amulet of the acrobat
 s - a ring of magical power (left hand)
 x - a ring of ice
 J - a ring of protection from cold
 L - a ring of see invisible (right hand)
 S - a +5 ring of evasion
Wands
 q - a wand of paralysis (26)
 t - a wand of iceblast (12)
 E - a wand of light (14)
 M - a wand of flame (15)
 P - a wand of mindburst (10)
 R - a wand of digging (3)
Scrolls
 b - 3 scrolls of amnesia
 c - 4 scrolls of identify
 j - a scroll of enchant armour
 n - 2 scrolls of butterflies
 u - 2 scrolls of fear
 v - 3 scrolls of immolation
 y - 4 scrolls of enchant weapon
 D - a scroll of blinking
 F - a scroll of fog
 G - a scroll of magic mapping
 H - 6 scrolls of teleportation
Potions
 d - 6 potions of might
 f - 2 potions of attraction
 k - 3 potions of resistance
 l - 4 potions of lignification
 m - 4 potions of mutation
 o - 10 potions of curing
 r - 2 potions of brilliance
 w - a potion of ambrosia
 B - 4 potions of invisibility
 C - a potion of berserk rage
 K - 3 potions of haste
 O - a potion of cancellation
 T - a potion of magic {unknown}
 U - a potion of flight {unknown}


   Skills:
 * Level 11.1 Fighting
 - Level 10.0 Short Blades
 + Level 7.2 Armour
 + Level 6.6 Dodging
 + Level 10.6 Stealth
 + Level 7.8 Shields


You had 12 spell levels left.
You didn't know any spells.
Your spell library contained the following spells:

 Spells                   Type           Power      Damage    Failure   Level
 Foxfire                  Conj/Fire      0%         2x1d4     100%        1
 Magic Dart               Conj           0%         1d3       100%        1
 Necrotise                Necr           0%         1d4       100%        1
 Shock                    Conj/Air       0%         1d3       100%        1
 Blink                    Tloc           0%         N/A       100%        2
 Call Imp                 Summ           0%         N/A       100%        2
 Lesser Beckoning         Tloc           0%         N/A       100%        2
 Momentum Strike          Conj/Tloc      0%         3d8       100%        2
 Call Canine Familiar     Summ           0%         N/A       100%        3
 Ignite Poison            Fire/Tmut/Pois 0%         N/A       100%        3
 Inner Flame              Hex/Fire       0%         N/A       100%        3
 Mephitic Cloud           Conj/Pois/Air  0%         N/A       100%        3
 Portal Projectile        Hex/Tloc       0%         N/A       100%        3
 Swiftness                Air            0%         N/A       100%        3
 Tukima's Dance           Hex            0%         N/A       100%        3
 Vampiric Draining        Necr           0%         2d6       100%        3
 Airstrike                Air            0%         2d(0-16)  100%        4
 Leda's Liquefaction      Hex/Erth       0%         N/A       100%        4
 Manifold Assault         Tloc           0%         N/A       100%        4
 Agony                    Necr           0%         N/A       100%        5
 Blade Hands              Tmut           0%         N/A       100%        5
 Borgnjor's Vile Clutch   Necr/Erth      0%         N/A       100%        5
 Summon Forest            Summ/Tloc      0%         N/A       100%        5
 Dispersal                Tloc           0%         N/A       100%        6
 Eringya's Noxious Bog    Tmut/Pois      0%         N/A       100%        6
 Summon Hydra             Summ           0%         N/A       100%        7
 Disjunction              Tloc           0%         N/A       100%        8
 Ignition                 Fire           0%         3d3       100%        8


Dungeon Overview and Level Annotations

Branches:
Dungeon (11/15)            Temple (1/1) D:4            Lair (4/5) D:9
 Shoals (0/4) Lair:3       Spider (0/4) Lair:2      Ossuary (visited)
  IceCv (visited)
  Slime: Lair:4-5       Orc: D:9-12

Altars:
Ashenzari
Cheibriados
Dithmenos
Elyvilon
Fedhas
Gozag
Hepliaklqana
Kikubaaqudgha
Makhleb
Nemelex Xobeh
Okawaru
Qazlal
Ru
Sif Muna
Trog
Uskayaw
Vehumet
Wu Jian
Xom
Yredelemnul
Zin
The Shining One
Lugonu

Shops:
D:8 :

Annotations:
D:4 2 transporters, tgirl's ghost, amateur OpMo
D:5 exclusion: statue
Lair:4 exclusion: oklob plant


Innate Abilities, Weirdness & Mutations

You have razor-sharp teeth.
Your natural rate of healing is unusually fast.
When hurt, damage is shared between your health and your magic reserves.
Your bite disrupts and absorbs the magic of your enemies.
Potions cannot restore your health.


Message History

The meliai completely misses you. The meliai barely misses you.
A killer bee comes into view.
The killer bee stings you but does no damage. x2
You block the meliai's attack. x2; The water moccasin barely misses you.
The killer bee attacks as you move away!
You block the killer bee's attack.
You feel sick. The killer bee barely misses you.
The meliai hits you with a +0 hand axe. You block the meliai's attack.
The meliai hits you with a +0 hand axe.
The meliai stings you but does no damage.
A killer bee comes into view.
The killer bee barely misses you. You block the meliai's attack.
The meliai closely misses you.
You hit the killer bee. Your bite misses the killer bee.
The killer bee is moderately wounded.
The killer bee barely misses you. The meliai hits you with a +0 hand axe!
* * * LOW HITPOINT WARNING * * *
The meliai stings you but does no damage.
The meliai hits you but does no damage. You block the meliai's attack.
The water moccasin bites you but does no damage.
You block the meliai's attack. x2
The killer bee stings you but does no damage. x2
The meliai invokes the aid of its god against you.
Something smites you!
* * * LOW HITPOINT WARNING * * *
The killer bee stings you but does no damage.
You hit the killer bee.
The killer bee is poisoned.
Your bite misses the killer bee.
The killer bee is heavily wounded.
You feel sick. The meliai hits you but does no damage.
The meliai stings you but does no damage.
A komodo dragon comes into view.
You block the killer bee's attack.
The killer bee stings you but does no damage.
A killer bee comes into view.
The water moccasin bites you but does no damage.
You block the meliai's attack. The meliai misses you.
The killer bee stings you.
* * * LOW HITPOINT WARNING * * *
The meliai attacks as you move away! The meliai hits you with a +0 hand axe.
You die...

#... ##..##.#.
#P..##...#...# . #
#..#...##l.... ... #
#..†...#YF# .#...# .
#....†##.###y.... ###...
####.††.y....#..###......
#.†)yyyy.#.#..........
#.†FyyS...............
#.#yy@y.÷.............
###.yy.÷..............
##...................
#...<................
#.....####.#...#.##.#
#P....###.#....#..#.#
#.........##....#....
#..............#.....
##.........#....#....


You could see a komodo dragon, a yak, a cane toad, a blink frog, a water
moccasin, 2 meliai and 11 killer bees.

Vanquished Creatures
  Gastronok (Lair:1)
  Harold (D:10)
  A hydra (Lair:3)
  2 two-headed ogres
  A catoblepas (Lair:3)
  Sonja (D:10)
  A manticore (D:11)
  An ugly thing (IceCv)
  A merfolk siren (Lair:3)
  A black mamba (Lair:2)
  Joseph (Lair:1)
  A torpor snail (Lair:1)
  Maggie (D:8)
  An unseen horror (D:10)
  3 rime drakes
  3 kobold demonologists (D:9)
  6 cane toads
  2 ice devils (Lair:4)
  2 komodo dragons
  A freezing wraith (Lair:4)
  4 trolls (D:11)
  A meliai (Lair:4)
  A polar bear (Lair:2)
  Grinder (D:6)
  A hornet (D:9)
  3 blink frogs (Lair:3)
  Prince Ribbit (D:8)
  2 wraiths (D:11)
  26 yaks
  7 wyverns
  2 steam dragons
  2 vampire mosquitoes (D:9)
  A basilisk (Lair:2)
  Menkaure (D:4)
  3 wargs
  2 acid dragons (D:10)
  11 water moccasins
  2 orc warriors (D:9)
  An ice beast (D:6)
  3 black bears
  8 wolves (Lair:2)
  3 centaurs
  An ogre (D:4)
  Blork the orc (D:6)
  8 bullfrogs
  3 gnoll sergeants
  4 kobold brigands
  A necrophage (D:5)
  6 scorpions
  12 wights
  26 killer bees
  2 elephant simulacra (IceCv)
  5 howler monkeys
  2 electric eels
  A crimson imp (D:3)
  3 hounds
  2 orc priests
  2 gnoll boudas
  3 iguanas
  11 orc wizards
  A polar bear simulacrum (IceCv)
  A wolf simulacrum (IceCv)
  8 mummies (Ossuary)
  24 gnolls
  4 adders
  An ufetubus (D:7)
  6 worms
  2 dart slugs (D:2)
  22 orcs
  5 bats
  4 endoplasms
  8 giant cockroaches
  A gnoll zombie (Ossuary)
  5 goblins
  5 hobgoblins
  6 jackals
  5 quokkas
  7 ball pythons
  6 frilled lizards
  4 hobgoblin zombies (Ossuary)
  16 kobolds
  3 orc zombies (Ossuary)
  10 rats
365 creatures vanquished.

Vanquished Creatures (others)
  A demonic plant (Temple)
  4 fungi
  7 plants
12 creatures vanquished.

Grand Total: 377 creatures vanquished

Notes
Turn   | Place    | Note
-------+----------+-------------------------------------------
     0 | D:1      | F1ng0rz the Vine Stalker Fighter began the quest for the
                  | Orb.
     0 | D:1      | Reached XP level 1. HP: 11/11 MP: 2/2
   183 | D:1      | Reached XP level 2. HP: 11/16 MP: 0/3
   303 | D:1      | Reached skill level 3 in Fighting
   591 | D:1      | Reached XP level 3. HP: 20/20 MP: 4/4
   705 | D:1      | Reached skill level 1 in Stealth
  1128 | D:2      | Gained mutation: Your natural rate of healing is unusually
                  | fast. [Vine Stalker growth]
  1128 | D:2      | Reached XP level 4. HP: 24/24 MP: 5/5
  1402 | D:3      | Found a shimmering altar of Xom.
  1403 | D:3      | Found a burning altar of Makhleb.
  1420 | D:3      | Reached skill level 1 in Dodging
  1514 | D:3      | Reached XP level 5. HP: 27/28 MP: 6/6
  1618 | D:3      | Found the +5 scythe "Finisher" {speed, eviscerate}
  2029 | D:4      | Noticed an ogre
  2038 | D:4      | Killed an ogre
  2039 | D:4      | Reached XP level 6. HP: 19/33 MP: 7/7
  2150 | D:4      | Noticed tgirl's ghost (amateur OpMo)
  2151 | D:4      | Found a transporter.
  2231 | D:4      | Found a staircase to the Ecumenical Temple.
  2249 | Temple   | Entered the Ecumenical Temple
  2338 | Temple   | Became a worshipper of Uskayaw the Reveller
  2363 | D:4      | Reached * piety under Uskayaw
  2368 | D:4      | Reached ** piety under Uskayaw
  2378 | D:4      | Reached *** piety under Uskayaw
  2379 | D:4      | Reached skill level 4 in Fighting
  2386 | D:4      | Found a sand-covered staircase.
  2396 | Ossuary  | Entered an ossuary
  2434 | Ossuary  | Reached **** piety under Uskayaw
  2575 | Ossuary  | Reached XP level 7. HP: 37/37 MP: 8/8
  2792 | D:4      | Found a transporter.
  2976 | D:5      | Entered Level 5 of the Dungeon
  2990 | D:5      | Noticed Menkaure
  3054 | D:4      | Killed Menkaure
  3182 | D:5      | Gained mutation: You have razor-sharp teeth. [Vine Stalker
                  | growth]
  3182 | D:5      | Reached XP level 8. HP: 22/42 MP: 9/9
  3546 | D:5      | Found a snail-covered altar of Cheibriados.
  3573 | D:5      | Reached skill level 5 in Fighting
  3789 | D:5      | Found a radiant altar of Vehumet.
  4013 | D:6      | Found an opulent altar of Gozag.
  4016 | D:6      | Found a stormy altar of Qazlal.
  4168 | D:6      | Reached skill level 5 in Short Blades
  4465 | D:6      | Found Edoujis's Book Shoppe.
  4465 | D:6      | Noticed Blork the orc
  4472 | D:6      | Killed Blork the orc
  4622 | D:6      | Reached skill level 5 in Stealth
  4622 | D:6      | Reached XP level 9. HP: 40/48 MP: 10/10
  4658 | D:6      | Found a bloodstained altar of Trog.
  4803 | D:6      | Noticed Grinder
  4810 | D:6      | Killed Grinder
  4811 | D:6      | Reached skill level 6 in Fighting
  4824 | D:6      | Found a shimmering blue altar of Sif Muna.
  4824 | D:6      | Found an ancient bone altar of Kikubaaqudgha.
  4970 | D:7      | Reached ***** piety under Uskayaw
  5290 | D:7      | Got the Quarto of the Singed Crater
  6103 | D:7      | Found a broken altar of Ashenzari.
  6104 | D:7      | Found a glowing golden altar of the Shining One.
  6327 | D:8      | Noticed Prince Ribbit
  6337 | D:8      | Killed Prince Ribbit
  6352 | D:8      | Noticed Maggie
  6373 | D:8      | Killed Maggie
  6374 | D:8      | Reached skill level 5 in Shields
  6378 | D:8      | Reached XP level 10. HP: 31/53 MP: 11/11
  6550 | D:8      | Reached skill level 7 in Fighting
  6792 | D:8      | Found Diar Fex's Book Shoppe.
  6816 | D:8      | Identified a scroll of acquirement
  6816 | D:8      | Acquired the +3 buckler of the Hills {rN+ Will+ Regen+}
  7368 | D:9      | Noticed a kobold demonologist
  7368 | D:9      | Noticed a kobold demonologist
  7368 | D:9      | Noticed a kobold demonologist
  7384 | D:9      | Killed a kobold demonologist
  7389 | D:9      | Killed a kobold demonologist
  7390 | D:9      | Reached skill level 5 in Armour
  7399 | D:9      | Reached ****** piety under Uskayaw
  7401 | D:9      | Killed a kobold demonologist
  7707 | D:9      | Found a staircase to the Lair.
  7711 | D:9      | Noticed Harold
  7767 | D:10     | Entered Level 10 of the Dungeon
  7853 | D:10     | Killed Harold
  7854 | D:10     | Reached skill level 8 in Fighting
  7854 | D:10     | Reached XP level 11. HP: 55/60 MP: 12/12
  8000 | D:9      | Found a sparkling altar of Nemelex Xobeh.
  8043 | D:9      | Noticed a two-headed ogre
  8048 | D:9      | Paralysed by a hornet for 3 turns
  8061 | D:9      | Killed a two-headed ogre
  8395 | D:10     | Found a white marble altar of Elyvilon.
  8491 | D:10     | Noticed Sonja
  8536 | D:10     | Killed Sonja
  8537 | D:10     | Reached skill level 5 in Dodging
  8604 | D:10     | Noticed a two-headed ogre
  8617 | D:10     | Killed a two-headed ogre
  9367 | D:11     | Noticed a manticore
  9378 | D:11     | Killed a manticore
  9379 | D:11     | Reached skill level 9 in Fighting
 10401 | Lair:1   | Entered Level 1 of the Lair of Beasts
 10424 | Lair:1   | Reached XP level 12. HP: 21/66 MP: 13/13
 10540 | Lair:1   | Noticed Joseph
 10555 | Lair:1   | Killed Joseph
 10705 | Lair:1   | Noticed Gastronok
 10722 | Lair:1   | Killed Gastronok
 11606 | Lair:2   | Found a hole to the Spider Nest.
 11732 | Lair:2   | Reached skill level 10 in Fighting
 11804 | Lair:2   | Reached skill level 10 in Short Blades
 12344 | Lair:3   | Noticed a catoblepas
 12385 | Lair:3   | Killed a catoblepas
 12540 | Lair:3   | Noticed a seven-headed hydra
 12555 | Lair:3   | Killed a seven-headed hydra
 12556 | Lair:3   | Reached skill level 10 in Stealth
 12747 | Lair:3   | Reached XP level 13. HP: 72/72 MP: 14/14
 13065 | Lair:3   | Found a staircase to the Shoals.
 13285 | Lair:4   | Found an ancient bone altar of Kikubaaqudgha.
 13524 | Lair:4   | Found a frozen archway.
 13557 | IceCv    | Entered an ice cave
 13631 | IceCv    | Reached skill level 11 in Fighting
 13755 | Lair:4   | HP: 1/74 [killer bee (4)]
 13756 | Lair:4   | Slain by a meliai

Illustrated notes

Levels and vault maps discovered:
D:1:      wander_arrival_desolate, layout_basic, minivault_24,
          minmay_pentomino_u4
D:2:      layout_rooms, minmay_misc_feat_chi
D:3:      layout_basic, grunt_temple_overflow_champion_of_chaos, serial_glass,
          glass_columns_a, glass_columns_b, glass_columns_c,
          corexii_corridor_pit
D:4:      layout_basic, minmay_temple_entry_ruins, enter_ossuary_1,
          gammafunk_ghost_mausoleum
D:5:      layout_rooms, cheibriados_altar_1, vehumet_statue, uniq_menkaure
D:6:      layout_loops_ring, nicolae_qazlal_scattered_showers,
          gammafunk_temple_overflow_elements, marbit_many_paths,
          mainiacjoe_overflow_surrounded_room, serial_shops,
          nicolae_shop_crystal, sigmund_army, uniq_grinder, uniq_blork_the_orc
D:7:      layout_layer_cave, gammafunk_temple_overflow_pools,
          kennysheep_decorative_pillar, nrook_mini_backslash
D:8:      layout_rooms, serial_shops, nicolae_shop_hallway_plus, minivault_25,
          nicolae_benzene_ring, uniq_maggie, uniq_prince_ribbit1
D:9:      layout_roguey, lemuel_crystal_altar, erik_lair_orcish_takeover,
          uniq_harold
D:10:     layout_stronghold, nicolae_elyvilon_temple_path, serial_glass,
          glass_columns_c, glass_columns_b, minmay_strange_pillars,
          item_on_display_a, minmay_strange_pillars, unseen_surprise_small,
          uniq_sonja
D:11:     layout_stronghold
Temple:   kb_corrupted_temple
Lair:1:   layout_regular_city, infiniplex_staircase_pool, uniq_gastronok,
          uniq_joseph
Lair:2:   hellmonk_ruined_rings, layout_concentric_octagons,
          nicolae_spider_entry_non_spiders, minmay_lindwurm_lava
Lair:3:   layout_chaotic_city, minmay_shoals_entry_lonely_mermaid
Lair:4:   regret_index_wax_grids, layout_regular_city,
          portal_ice_cave_demonic_guard, lemuel_oklob_altar, grunt_megastairs_4

Skill      XL: |  1  2  3  4  5  6  7  8  9 10 11 12 13 |
---------------+----------------------------------------+-----
Short Blades   | 2 3 4 5 6 7 9 10 | 10.0
Fighting       | 3 4 5 6 8 9 10 11 | 11.1
Stealth        | 1 2 3 5 6 7 8 10 | 10.6
Shields        | 3 4 5 6 7 |  7.8
Dodging        | 1 2 3 4 5 6 |  6.6
Armour         | 3 4 5 6 7 |  7.2

Action                     |  1- 3 |  4- 6 |  7- 9 | 10-12 | 13-15 || total
---------------------------+-------+-------+-------+-------+-------++-------
  Melee: Rapier            |   132 |    25 |   224 |   233 |       ||   614
         Bite              |    28 |    69 |   112 |   391 |    75 ||   675
         Dagger            |       |   200 |   124 |   746 |   210 ||  1280
 Invoke: Line Pass         |       |       |       |       |     1 ||     1
    Use: Scroll            |       |       |    21 |     8 |     2 ||    31
         Potion            |       |       |       |     1 |       ||     1
   Stab: Paralysed         |       |     2 |    11 |    32 |    12 ||    57
         Petrified         |       |       |     1 |       |       ||     1
         Petrifying        |       |       |     1 |       |       ||     1
 Armour: Plate armour      |    88 |   125 |   214 |   362 |    94 ||   883
         Scale mail        |     5 |       |       |       |       ||     5
  Dodge: Dodged            |    58 |    68 |   160 |   309 |    67 ||   662
  Block: Buckler           |    25 |    47 |   102 |   303 |    86 ||   563

Table legend: (Time is in decaauts)
 A = Elapsed time spent in this place.
 B = Non-inter-level travel time spent in this place.
 C = Inter-level travel time spent in this place.
 D = Time resting spent in this place.
 E = Time spent auto-exploring this place.
 F = Levels seen in this place.
 G = Mean time per level.
                   A        B        C        D        E       F      G
               +--------+--------+--------+--------+--------+-----+--------+
         Total |  13325 |  12793 |    532 |    860 |   8959 |  18 |  740.3 |
       Dungeon |   9862 |   9411 |    451 |    674 |   6679 |  11 |  896.5 |
        Temple |    109 |     81 |     28 |      0 |     50 |   1 |  109.0 |
          Lair |   2970 |   2917 |     53 |    118 |   2076 |   4 |  742.5 |
       Ossuary |    316 |    316 |      0 |     68 |    131 |   1 |  316.0 |
      Ice Cave |     67 |     67 |      0 |      0 |     23 |   1 |   67.0 |
               +--------+--------+--------+--------+--------+-----+--------+

Top non-repeatable levels by time:
     D:7: 1269 daAuts
     D:9: 1124 daAuts
    D:11: 1122 daAuts
     D:6: 1005 daAuts
    D:10: 991 daAuts
  Lair:3: 898 daAuts
  Lair:1: 892 daAuts
     D:8: 851 daAuts
     D:4: 850 daAuts
  Lair:2: 812 daAuts
     D:1: 774 daAuts
     D:3: 763 daAuts
     D:5: 655 daAuts
     D:2: 455 daAuts
  Lair:4: 366 daAuts
